 Dungeon Crawl Stone Soup version 0.28-a0-1510-gd0f6b136d3 (webtiles) character file.

Game seed: 12653899925098967042

89 fragbeetle the Chiller (level 4, -2/33 HPs)
             Began as a Merfolk Ice Elementalist on Jan 15, 2022.
             Slain by Grinder (6 damage)
             ... on level 3 of the Dungeon.
             The game lasted 00:04:47 (2369 turns).

fragbeetle the Chiller (Merfolk Ice Elementalist)   Turns: 2369, Time: 00:04:47

Health: -2/33      AC:  6    Str: 10    XL:     4   Next: 55%
Magic:  1/7        EV: 13    Int: 14    God:
Gold:   101        SH:  0    Dex: 14    Spells: 3/7 levels left

rFire   . . .      SeeInvis .   s - +0 dagger (venom)
rCold   + . .      Faith    .   (no shield)
rNeg    . . .      Spirit   .   a - +0 robe
rPois   .          Reflect  .   (no helmet)
rElec   .          Harm     .   (no cloak)
rCorr   .          Rampage  .   (no gloves)
Will    .....                   (no boots)
Stlth   ++........              (no amulet)
HPRegen 0.11/turn               b - +4 ring of protection
MPRegen 0.10/turn               i - ring of protection from cold

@: no status effects
A: (nimble swimmer 2), mertail
a: no special abilities


You were on level 3 of the Dungeon.
You visited 1 branch of the dungeon, and saw 3 of its levels.

You collected 101 gold pieces.

Inventory:

Hand Weapons
 s - a +0 dagger of venom (weapon)
Missiles
 d - 77 stones
Armour
 a - a +0 robe (worn)
Jewellery
 b - a +4 ring of protection (left hand)
 i - a ring of protection from cold (right hand)
 n - a ring of fire
Scrolls
 e - a scroll of fog {unknown}
 f - 3 scrolls of vulnerability {unknown}
 g - a scroll of noise {unknown}
 k - 2 scrolls of fear {unknown}
 m - 4 scrolls of identify {unknown}
 o - a scroll of amnesia {unknown}
 p - a scroll of blinking {unknown}
Potions
 c - a potion of mutation {unknown}
 j - 2 potions of degeneration {unknown}
 l - 2 potions of brilliance {unknown}
 q - a potion of curing {unknown}
 r - a potion of cancellation {unknown}


   Skills:
 + Level 1.7 Fighting
 + Level 3.6 Dodging
 - Level 3.0 Stealth
 - Level 2.0 Spellcasting
 * Level 5.3 Ice Magic


You had 3 spell levels left.
You knew the following spells:

 Your Spells              Type           Power      Damage    Failure   Level
a - Freeze                Ice            64%        1d8       2%          1
b - Frozen Ramparts       Ice            32%        1d5       8%          3

Your spell library contained the following spells:

 Spells                   Type           Power      Damage    Failure   Level
 Ozocubu's Armour         Ice            16%        N/A       8%          3
 Hailstorm                Conj/Ice       8%         3d4       61%         4


Dungeon Overview and Level Annotations

Branches:
Dungeon (3/15)

Altars:

Annotations:
D:3 Grinder


Innate Abilities, Weirdness & Mutations

((You are very nimble when in or above water. (Stealth+, EV+, Speed+++)))
Your lower body shifts to a powerful aquatic tail in water.


Message History

Grinder is heavily wounded.
Grinder blinks!
You closely miss Grinder.
Grinder is heavily wounded.
Grinder hits you.
You hit Grinder.
Grinder is heavily wounded.
Grinder closely misses you.
You hit Grinder but do no damage.
Grinder is heavily wounded.
Grinder hits you but does no damage.
You freeze Grinder but do no damage.
Grinder completely resists.
Grinder completely misses you.
You freeze Grinder but do no damage.
Grinder completely resists.
Grinder gestures at you. Pain shoots through your body!
* * * LOW HITPOINT WARNING * * *
Unknown command.
You hit Grinder but do no damage.
Grinder is heavily wounded.
Grinder blinks!
You are too injured to fight recklessly!
Casting: Freeze (safe; 2% risk of failure)
Confirm with . or Enter, or press ? or * to list all spells.
Aiming: Freeze (safe; 2% risk of failure)
Press: ? - help, Shift-Dir - straight line, f/p - Grinder
Aim: Grinder (heavily wounded)
You freeze Grinder.
Grinder resists.
Grinder is heavily wounded.
Grinder closely misses you.
Unknown command.
You barely miss Grinder.
Grinder is heavily wounded.
Grinder barely misses you.
You closely miss Grinder.
Grinder is heavily wounded.
Grinder hits you.
* * * LOW HITPOINT WARNING * * *
You writhe in agony.
You die...

##.## ##.#
#...#####..#
.........#.#
#...#####..#
##.## ###..######
...# #.........#
.#.# #.#..####.#
. .# #.#..# ##.##
#. .# #
#..###..@#.####
.#
#..##...5.......
................
....##.....######
.##.##....##
#.#.## #.#.#
..#.# ####.#


You could see Grinder.

Vanquished Creatures
  3 adders (D:2)
  2 worms
  A dart slug (D:1)
  An orc (D:3)
  5 endoplasms
  2 giant cockroaches
  3 goblins
  6 hobgoblins
  2 kobolds (D:1)
  2 quokkas
  4 ball pythons
  7 bats
  11 frilled lizards
  6 rats
55 creatures vanquished.

Vanquished Creatures (others)
  4 plants (D:3)
4 creatures vanquished.

Grand Total: 59 creatures vanquished

Notes
Turn   | Place    | Note
-------+----------+-------------------------------------------
     0 | D:1      | fragbeetle the Merfolk Ice Elementalist began the quest for
                  | the Orb.
     0 | D:1      | Reached XP level 1. HP: 13/13 MP: 3/3
   202 | D:1      | Reached XP level 2. HP: 4/20 MP: 0/5
  1012 | D:1      | Reached skill level 1 in Fighting
  1210 | D:2      | Reached XP level 3. HP: 26/26 MP: 3/6
  1446 | D:2      | Learned a level 3 spell: Frozen Ramparts
  1465 | D:2      | Reached skill level 5 in Ice Magic
  1702 | D:2      | Reached XP level 4. HP: 31/32 MP: 4/7
  2346 | D:3      | Noticed Grinder
  2369 | D:3      | Slain by Grinder

Illustrated notes

Levels and vault maps discovered:
D:1:      dpeg_arrival_boxes_within_box, layout_basic, feat_on_display
D:2:      layout_rooms
D:3:      layout_loops_ring, minmay_lizard_king, uniq_ijyb, uniq_grinder

Skill      XL: |  1  2  3 |
---------------+----------+-----
Dodging        | 3 |  3.6
Fighting       | 1 |  1.7
Ice Magic      | 5 |  5.3
Stealth        | 3 |  3.0
Spellcasting   | |  2.0

Action                   |  1- 3 |  4- 6 || total
-------------------------+-------+-------++-------
Melee: Unarmed           |     5 |       ||     5
       Club              |     2 |       ||     2
       Punch             |     1 |       ||     1
       Short sword       |    45 |    28 ||    73
       Dagger            |       |     9 ||     9
 Cast: Freeze            |    47 |    13 ||    60
 Stab: Sleeping          |     3 |     4 ||     7
Armor: Robe              |    25 |    12 ||    37
Dodge: Dodged            |    48 |    17 ||    65

Table legend: (Time is in decaauts)
 A = Elapsed time spent in this place.
 B = Non-inter-level travel time spent in this place.
 C = Inter-level travel time spent in this place.
 D = Time resting spent in this place.
 E = Time spent auto-exploring this place.
 F = Levels seen in this place.
 G = Mean time per level.
                   A        B        C        D        E       F      G
               +--------+--------+--------+--------+--------+-----+--------+
         Total |   2374 |   2350 |     24 |    687 |   1168 |   3 |  791.3 |
       Dungeon |   2374 |   2350 |     24 |    687 |   1168 |   3 |  791.3 |
               +--------+--------+--------+--------+--------+-----+--------+

Top non-repeatable levels by time:
     D:1: 1380 daAuts
     D:2: 583 daAuts
     D:3: 411 daAuts
